 Dungeon Crawl Stone Soup version 0.30-a0-1160-g6e42c06551 (webtiles) character file.

Game seed: 12100506303077832895

95 Pimp the Digger (level 4, -1/33 HPs)
             Began as a Draconian Earth Elementalist on Apr 25, 2023.
             Slain by a black bear (2 damage)
             ... on level 3 of the Dungeon.
             The game lasted 00:07:54 (1845 turns).

Pimp the Digger (Draconian Earth Elementalist)      Turns: 1845, Time: 00:07:55

Health: -1/33      AC:  8    Str: 10    XL:     4   Next: 39%
Magic:  4/8        EV: 12    Int: 17    God:
Gold:   142        SH:  0    Dex: 12    Spells: 7/8 levels left

rFire   . . .        d - +2 dagger (venom)
rCold   . . .        (no shield)
rNeg    . . .        (body armour unavailable)
rPois   .            (helmet restricted)
rElec   .            (no cloak)
rCorr   .            b - +2 pair of gloves
SInv    .            (no boots)
Will    .....        (no amulet)
Stlth   ++           (no ring)
HPRegen 0.25/turn    (no ring)
MPRegen 0.11/turn

%: no passive effects
@: very slightly contaminated, hasted, very quick
A: AC +5, unfitting armour, cold-blooded
a: no special abilities


You were on level 3 of the Dungeon.
You visited 1 branch of the dungeon, and saw 3 of its levels.

You collected 142 gold pieces.

Inventory:

Hand Weapons
 d - a +2 dagger of venom (weapon)
Armour
 b - a +2 pair of gloves (worn)
Jewellery
 f - a +6 ring of dexterity
Scrolls
 c - a scroll of amnesia
 g - a scroll of fear
Potions
 a - a potion of magic
 h - a potion of cancellation {unknown}


   Skills:
 + Level 2.5 Dodging
 - Level 2.0 Stealth
 + Level 2.7 Spellcasting
 - Level 2.0 Transmutations
 + Level 3.7 Earth Magic


You had 7 spell levels left.
You knew the following spells:

 Your Spells              Type           Power      Damage    Failure   Level
a - Sandblast             Erth           30%        2d9       3%          1

Your spell library contained the following spells:

 Spells                   Type           Power      Damage    Failure   Level
 Passwall                 Tmut/Erth      10%        N/A       9%          2
 Stone Arrow              Conj/Erth      16%        3d8       26%         3
 Petrify                  Tmut/Erth      12%        N/A       50%         4


Dungeon Overview and Level Annotations

Branches:
Dungeon (3/15)

Altars:
Ru

Shops:
D:2 ?


Innate Abilities, Weirdness & Mutations

Your plain brown scales are hard. (AC +5)
You cannot fit into any form of body armour.
You are cold-blooded and may be slowed by cold attacks.


Message History

The black bear claws you but does no damage.
The black bear barely misses you.
Casting: Sandblast (safe; 3% risk of failure)
Confirm with . or Enter, or press ? or * to list all spells.
Aiming: Sandblast (safe; 3% risk of failure)
Press: ? - help, Shift-Dir - straight line, f/p - black bear
Aim: a black bear (moderately wounded, very poisoned, 87% to hit)
The blast of sand hits the black bear.
The black bear is moderately wounded.
The black bear bites you but does no damage.
The black bear claws you but does no damage. x2
The black bear barely misses you. The black bear claws you.
The black bear closely misses you.
Unknown command.
Casting: Sandblast (safe; 3% risk of failure)
Confirm with . or Enter, or press ? or * to list all spells.
Aiming: Sandblast (safe; 3% risk of failure)
Press: ? - help, Shift-Dir - straight line, f/p - black bear
Aim: a black bear (moderately wounded, very poisoned, 87% to hit)
The blast of sand hits the black bear!
The black bear is severely wounded.
The black bear goes berserk!
Unknown command.
Casting: Sandblast (safe; 3% risk of failure)
Confirm with . or Enter, or press ? or * to list all spells.
Aiming: Sandblast (safe; 3% risk of failure)
Press: ? - help, Shift-Dir - straight line, f/p - black bear
Aim: a black bear (severely wounded, berserk, very poisoned, 87% to hit)
The blast of sand hits the black bear.
The black bear is almost dead.
The black bear bites you. The black bear closely misses you.
The black bear claws you. The black bear bites you. The black bear claws you.
* * * LOW HITPOINT WARNING * * *
The black bear misses you.
You feel yourself speed up. The black bear bites you.
* * * LOW HITPOINT WARNING * * *
The black bear claws you but does no damage. x2
The black bear closely misses you. The black bear completely misses you.
The black bear claws you.
You die...

....... # ......# .
.....# .# .....#. .#
....... #.###
####..# ##.... ##
.## ##..#.# .# ..#
#..##.# .# # #.#
##.#.@h# .##.#
#.####....##......
....# #.##...#.##
..... .####
#.#..##..# ....
..#####.#.#...#...
...
................##..
.. ..##......#######
. ..#.....###
.....##....#


You could see a black bear (berserk, very poisoned).

Vanquished Creatures
  4 adders (D:2)
  A worm (D:3)
  2 dart slugs (D:1)
  4 ball pythons
  3 endoplasms (D:1)
  6 goblins
  5 hobgoblins
  3 jackals
  4 quokkas
  2 bats
  10 kobolds
  4 rats
48 creatures vanquished.

Notes
Turn   | Place    | Note
-------+----------+-------------------------------------------
     0 | D:1      | Pimp the Draconian Earth Elementalist began the quest for
                  | the Orb.
     0 | D:1      | Reached XP level 1. HP: 14/14 MP: 3/3
   166 | D:1      | Reached XP level 2. HP: 12/20 MP: 0/5
   637 | D:1      | Reached XP level 3. HP: 26/26 MP: 4/6
  1244 | D:2      | Reached XP level 4. HP: 33/33 MP: 4/7
  1307 | D:2      | Identified the +0 leather armour of the Slug {Dex+2}
  1361 | D:2      | Found Zeasud's Magic Scroll Boutique.
  1646 | D:3      | Found a sacrificial altar of Ru.
  1835 | D:3      | Noticed a black bear
  1845 | D:3      | HP: 1/33 [black bear (4)]
  1845 | D:3      | Slain by a black bear

Illustrated notes

Levels and vault maps discovered:
D:1:      lightli_iron_boxes, layout_loops_cross,
          nicolae_kite_square_tiling_tiny, minmay_bisected
D:2:      layout_rooms, serial_shops, nicolae_shop_just_a_little_nook
D:3:      layout_rooms, mainiacjoe_overflow_paths

Skill      XL: |  1  2  3 |
---------------+----------+-----
Stealth        | 2 |  2.0
Dodging        | 2 |  2.5
Transmutations | 2 |  2.0
Spellcasting   | |  2.7
Earth Magic    | |  3.7

Action                     |  1- 3 |  4- 6 || total
---------------------------+-------+-------++-------
  Melee: Unarmed           |     3 |       ||     3
         Tailslap          |     1 |       ||     1
         Dagger            |       |     4 ||     4
   Cast: Sandblast         |    52 |    21 ||    73
    Use: Scroll            |       |     6 ||     6
         Potion            |       |     1 ||     1
   Stab: Sleeping          |       |     1 ||     1
 Armour: Skin              |    12 |     8 ||    20
  Dodge: Dodged            |    34 |    13 ||    47

Table legend: (Time is in decaauts)
 A = Elapsed time spent in this place.
 B = Non-inter-level travel time spent in this place.
 C = Inter-level travel time spent in this place.
 D = Time resting spent in this place.
 E = Time spent auto-exploring this place.
 F = Levels seen in this place.
 G = Mean time per level.
                   A        B        C        D        E       F      G
               +--------+--------+--------+--------+--------+-----+--------+
         Total |   1883 |   1861 |     22 |    305 |   1156 |   3 |  627.7 |
       Dungeon |   1883 |   1861 |     22 |    305 |   1156 |   3 |  627.7 |
               +--------+--------+--------+--------+--------+-----+--------+

Top non-repeatable levels by time:
     D:1: 906 daAuts
     D:2: 686 daAuts
     D:3: 289 daAuts
